 Dungeon Crawl Stone Soup version 0.30-a0-702-gdf48620a09 (webtiles) character file.

Game seed: 6692420628509281081

482 quinnr the Sneak (level 7, -5/60 HPs)
             Began as a Naga Air Elementalist on Jan 22, 2023.
             Constricted to death by Pikel (8 damage)
             ... on level 5 of the Dungeon.
             The game lasted 00:20:35 (5591 turns).

quinnr the Sneak (Naga Air Elementalist)            Turns: 5591, Time: 00:20:36

Health: -5/60      AC:  4    Str: 11    XL:     7   Next: 12%
Magic:  1/11       EV:  7    Int: 17    God:
Gold:   130        SH:  0    Dex: 11    Spells: 3/11 levels left

rFire   . . .      SeeInvis +    (no weapon)
rCold   + . .      Faith    .    (no shield)
rNeg    . . .      Spirit   .    a - +0 robe
rPois   +          Reflect  .    (no helmet)
rElec   .          Harm     .    f - +0 cloak
rCorr   .          Rampage  .    (no gloves)
Will    .....                    (no barding)
Stlth   +++                      (no amulet)
HPRegen 0.30/turn                C - ring of protection from cold
MPRegen 0.12/turn                (no ring)

@: short of breath, grasped by roots, very slightly contaminated, constricted,
very slow
A: AC +2, large, see invisible, deformed body, poison resistance, slowness 2,
spit poison 1, naga tail 1
a: Spit Poison


You were on level 5 of the Dungeon.
You visited 1 branch of the dungeon, and saw 5 of its levels.

You collected 130 gold pieces.


Innate Abilities, Weirdness & Mutations

Your serpentine skin is tough. (AC +2)
You have supernaturally acute eyesight. (SInv)
Armour fits poorly on your strangely shaped body.
Your system is resistant to poisons. (rPois)
You cover ground very slowly.
You can spit poison.
You have a snake-like lower body.


   Skills:
 + Level 2.1 Fighting
 + Level 2.5 Dodging
 - Level 6.0 Stealth
 + Level 2.9 Spellcasting
 - Level 1.0 Conjurations
 + Level 5.5 Air Magic


You had 3 spell levels left.
You knew the following spells:

 Your Spells              Type           Power      Damage    Failure   Level
a - Airstrike             Air            10%        2d(2-18)  19%         4
i - Swiftness             Air            21%        N/A       5%          3
z - Shock                 Conj/Air       52%        1d6       4%          1

Your spell library contained the following spells:

 Spells                   Type           Power      Damage    Failure   Level
 Static Discharge         Conj/Air       26%        2-4/arc   7%          2
 Summon Guardian Golem    Hex/Summ       2%         N/A       47%         3
 Orb of Destruction       Conj           2%         9d5       100%        7
 Spellforged Servitor     Conj/Summ      2%         N/A       100%        7

Inventory:

Armour
 a - a +0 robe (worn)
 f - a +0 cloak (worn)
Jewellery
 C - a ring of protection from cold (left hand)
Wands
 o - a wand of mindburst (16)
Scrolls
 g - 2 scrolls of teleportation {@r2}
 j - a scroll of magic mapping
 m - a scroll of amnesia
 p - a scroll of blinking {unknown}
Potions
 c - a potion of degeneration
 h - 2 potions of magic
 i - 3 potions of flight
 k - a potion of ambrosia
 l - a potion of might

Dungeon Overview and Level Annotations

Branches:
Dungeon (5/15)
 Temple: D:4-7

Altars:
Gozag

Shops:
D:3 *!![=   D:4 (=

Annotations:
D:3 1 runed translucent door, Crazy Yiuf, Grinder
D:5 Pikel

#.####...##...####.##.
#...§§§#...........##.
#...§§###.#.#.........
#§§#..#.#####..##.
#§§..##.# .##.
##§#####.# ##. ##§§§##
#.# ## #§#§§K§§###.# #
#§§§§@§§§##.# #
+§§#§§§§§§##.# #
░§§§#§§§§§§#.#
░§§.§§§§§§§§§§
░§.#####§§§### #..
#J## #. §§ §#§


You could see Pikel and a jelly.


Message History

Aiming: Mindburst
Press: ? - help, Shift-Dir - straight line, f/p - Pikel
Aim: Pikel, wielding a +2 whip of flaming, wearing a +0 robe and carrying a wand of roots (10) (lightly wounded, chance to affect: 64%) Pikel's mind is blasted!
You hear a shout!
Pikel zaps a wand.
The roots erupt in riotous growth!
The grasping roots grab you!
Pikel is unaffected.
The grasping roots constrict you!
* * * LOW HITPOINT WARNING * * *
Aiming: Mindburst
Press: ? - help, Shift-Dir - straight line, f/p - Pikel
Aim: Pikel, wielding a +2 whip of flaming, wearing a +0 robe and carrying a wand of roots (9) (moderately wounded, chance to affect: 64%) Pikel struggles to resist.
Pikel hits you with a +2 whip of flaming!
* * * LOW HITPOINT WARNING * * *
Pikel burns you.
* * * LOW HITPOINT WARNING * * *
The grasping roots constrict you.
* * * LOW HITPOINT WARNING * * *
Unknown command.
Okay, then.
Okay, then.
Okay, then.
You feel better.
Pikel hits you with a +2 whip of flaming!
* * * LOW HITPOINT WARNING * * *
Pikel burns you.
* * * LOW HITPOINT WARNING * * *
The grasping roots constrict you!
You die...

Skill      XL: |  1  2  3  4  5  6 |
---------------+-------------------+-----
Stealth        | 4 5 6 |  6.0
Air Magic      | 4 5 |  5.5
Fighting       | 2 |  2.1
Dodging        | 2 |  2.5
Spellcasting   | |  2.9
Conjurations   | |  1.0

Action                   |  1- 3 |  4- 6 |  7- 9 || total
-------------------------+-------+-------+-------++-------
Melee: Unarmed           |    23 |    16 |       ||    39
       Punch             |       |     1 |       ||     1
 Cast: Shock             |    61 |   150 |     1 ||   212
       Airstrike         |       |     8 |     2 ||    10
       Swiftness         |       |     3 |       ||     3
 Abil: Spit Poison       |       |     6 |     1 ||     7
Evoke: Wand              |       |     2 |     2 ||     4
  Use: Potion            |     3 |       |     1 ||     4
       Scroll            |       |     8 |     2 ||    10
Armor: Robe              |    11 |    11 |     1 ||    23
Dodge: Dodged            |    27 |    27 |     1 ||    55

Levels and vault maps discovered:
D:1:      dpeg_arrival_pits, layout_basic, patterned_corridor
D:2:      layout_loops_ring, basic_altar, uniq_terence
D:3:      minmay_chambers_of_threes, layout_loops_ring, serial_shops, shop,
          shop, shop, shop, nicolae_shop_behind_doors, st_stairs_11,
          uniq_crazy_yiuf_cottage, uniq_grinder
D:4:      layout_cave_pools, serial_shops, nicolae_shop_bloodbath_and_beyond,
          grunt_ministairs_11, minmay_shop_enchanted_jewellery
D:5:      layout_loops_ring, serial_shops, kennysheep_little_box,
          minmay_manual_monstrance, uniq_pikel

Notes
Turn   | Place    | Note
-------+----------+-------------------------------------------
     0 | D:1      | quinnr the Naga Air Elementalist began the quest for the
                  | Orb.
     0 | D:1      | Reached XP level 1. HP: 15/15 MP: 3/3
   325 | D:1      | Reached XP level 2. HP: 22/22 MP: 1/5
   471 | D:1      | You fall into a shaft and drop 1 floor!
   641 | D:2      | Reached skill level 4 in Stealth
   877 | D:2      | Found an opulent altar of Gozag.
   986 | D:2      | Reached XP level 3. HP: 28/28 MP: 2/6
  1028 | D:2      | Noticed Terence
  1043 | D:2      | Killed Terence
  1156 | D:3      | Reached skill level 5 in Stealth
  1156 | D:3      | Reached skill level 4 in Air Magic
  1156 | D:3      | Reached XP level 4. HP: 21/36 MP: 0/7
  2838 | D:3      | Identified the +3 leather armour of Feasting {-Cast rC++
                  | Regen+ SInv}
  2916 | D:3      | Noticed Grinder
  2922 | D:3      | Learned a level 3 spell: Swiftness
  2924 | D:3      | Found Wasmyin's Armour Boutique.
  2972 | D:3      | Found Zuabuuj's Distillery.
  3095 | D:3      | Found Veyroe's Distillery.
  3251 | D:3      | Found Qaefuec's Assorted Antiques.
  3440 | D:3      | Found Joch's Jewellery Shoppe.
  3568 | D:3      | Found a runed translucent door.
  3569 | D:3      | Noticed Crazy Yiuf
  3908 | D:3      | Reached XP level 5. HP: 30/42 MP: 2/8
  3982 | D:4      | Found Ritraigh's Jewellery Boutique.
  3996 | D:4      | Reached skill level 6 in Stealth
  4002 | D:4      | Learned a level 4 spell: Airstrike
  4342 | D:4      | Reached skill level 5 in Air Magic
  4428 | D:4      | Reached XP level 6. HP: 50/50 MP: 0/9
  4569 | D:4      | Found Boimm's Weapon Shoppe.
  4625 | D:4      | Reached skill level 1 in Fighting
  4625 | D:4      | Reached skill level 2 in Dodging
  4841 | D:5      | Entered Level 5 of the Dungeon
  5276 | D:5      | Noticed Pikel
  5395 | D:5      | Noticed an ice beast
  5404 | D:5      | Killed an ice beast
  5405 | D:5      | Reached skill level 2 in Fighting
  5405 | D:5      | Reached XP level 7. HP: 60/60 MP: 1/11
  5591 | D:5      | HP: 3/60 [Pikel/+2 whip of flaming (4)]
  5591 | D:5      | Constricted to death by Pikel

Vanquished Creatures
  An ice beast (D:5)
  2 lemures
  A scorpion (D:5)
  A necrophage (D:4)
  A hound (D:4)
  2 iguanas
  Terence (D:2)
  4 gnolls
  3 adders
  4 worms
  A dart slug (D:3)
  8 orcs
  8 ball pythons
  5 bats
  5 endoplasms
  4 giant cockroaches
  7 goblins
  7 hobgoblins
  5 quokkas
  4 frilled lizards
  7 kobolds
  4 rats
85 creatures vanquished.

Table legend: (Time is in decaauts)
 A = Elapsed time spent in this place.
 B = Non-inter-level travel time spent in this place.
 C = Inter-level travel time spent in this place.
 D = Time resting spent in this place.
 E = Time spent auto-exploring this place.
 F = Levels seen in this place.
 G = Mean time per level.
                   A        B        C        D        E       F      G
               +--------+--------+--------+--------+--------+-----+--------+
         Total |   6825 |   6421 |    404 |    520 |   5025 |   5 | 1365.0 |
       Dungeon |   6825 |   6421 |    404 |    520 |   5025 |   5 | 1365.0 |
               +--------+--------+--------+--------+--------+-----+--------+

Top non-repeatable levels by time:
     D:1: 1871 daAuts
     D:2: 1570 daAuts
     D:3: 1462 daAuts
     D:4: 1399 daAuts
     D:5: 521 daAuts

Table legend:
 A = Non-vault XP
 B = Vault XP
 C = Vault XP percentage of total XP
 D = Non-vault monster count
 E = Vault monster count
 F = Vault count percentage of total count
                 A         B        C        D         E       F
            +---------+---------+-------+---------+---------+-------
      Total |     625 |      64 |   9.3 |      77 |       6 |   7.2
            +---------+---------+-------+---------+---------+-------
        D:1 |      35 |       0 |   0.0 |      20 |       0 |   0.0
        D:2 |      36 |      32 |  47.1 |      16 |       1 |   5.9
        D:3 |      47 |      17 |  26.6 |      21 |       3 |  12.5
        D:4 |     211 |      15 |   6.6 |      14 |       2 |  12.5
        D:5 |     296 |       0 |   0.0 |       6 |       0 |   0.0
            +---------+---------+-------+---------+---------+-------
